Griffins vs Senators

Created - Wednesday, December 03, 2014 at 20:08

Goals
1 2 3 T
Griffins 0 2 0 2
Senators 0 1 0 1
Shots
1 2 3 T
Griffins 6 10 7 23
Senators 5 6 15 26

1st period

No Goal

Penalties :
John Scott (BIN) for Fighting (Major) at 2:17, Zenon Konopka (GRG) for Fighting (Major) at 2:17, Alex Petrovic (BIN) for Elbowing (Minor) at 13:13

2nd period

1. Senators , Emerson Etem 7 (Martin St. Pierre, Greg Nemisz) at 0:38 (PP)
2. Griffins , Zenon Konopka 6 (Stephane Veilleux) at 16:05
3. Griffins , Zenon Konopka 7 (John Albert, Ben Eager) at 17:38 (PP)

Penalties :
Mike Brown (BIN) for Fighting (Major) at 0:06, Zenon Konopka (GRG) for Fighting (Major) at 0:06, Zenon Konopka (GRG) for instigated a fight (Minor) at 0:06, Zenon Konopka (GRG) for instigated a fight (10 Minutes Misconduct) at 0:06, Alex Petrovic (BIN) for High sticking (Minor) at 5:35, John Albert (GRG) for Tripping (Minor) at 9:48, John Scott (BIN) for Holding (Minor) at 16:08

3rd period

No Goal

Penalties :
Mike Brown (BIN) for Fighting (Major) at 0:11, Zenon Konopka (GRG) for Fighting (Major / Game Misconduct) at 0:11, Korbinian Holzer (BIN) for Fighting (Major) at 1:45, Ben Eager (GRG) for Fighting (Major) at 1:45, John Scott (BIN) for Tripping (Minor) at 2:23, Colton Orr (BIN) for Fighting (Major) at 5:16, Kellan Lain (GRG) for Fighting (Major) at 5:16, Mike Angelidis (GRG) for High sticking (Minor) at 6:06, Mike Brown (BIN) for Fighting (Major / Game Misconduct) at 12:48, Mike Angelidis (GRG) for Fighting (Major) at 12:48

Goalie Stats

Jeff Deslauriers (GRG), 25 saves from 26 shots - (0.962), W, 14-6-1, 60:00 minutes
Jean-Francois Berube (BIN), 21 saves from 23 shots - (0.913), L, 17-7-4, 59:00 minutes

Players Stats for Griffins

Player Name              G  A  P  +/- PIM S  H  SB GA TA FO     MP     PP MP  PK MP  
------------------------------------------------------------------------------------
Adam Clendening          0  0  0   0  0   1  4  1  1  1  0/0    27:18   4:52   3:39 
Ben Eager                0  1  1   0  5   1  2  0  1  0  1/1    20:40   2:22   1:33 
Brad Hunt                0  0  0   0  0   1  0  1  1  1  0/0    18:43   2:35   0:51 
Daniel New               0  0  0   1  0   0  1  1  0  1  0/0    13:59   0:00   0:00 
David Musil              0  0  0   1  0   1  2  1  0  2  0/0    13:59   0:00   0:00 
Derek Meech              0  0  0   0  0   0  0  0  0  0  0/0    19:08   2:35   0:51 
Douglas Murray           0  0  0   0  0   3  5  3  3  1  0/0    27:18   4:52   3:39 
John Albert              0  1  1   0  2   3  0  0  6  1  1/4    22:10   4:16   1:37 
John McFarland           0  0  0   0  0   0  0  0  0  0  0/0     0:26   0:00   0:00 
Jordan Owens             0  0  0   0  0   0  3  1  0  0  0/0    15:51   0:00   0:31 
Kellan Lain              0  0  0   0  5   0  1  0  0  0  6/10   18:04   0:00   1:30 
Mark Mancari             0  0  0   0  0   3  0  1  2  0  0/0    17:41   3:03   0:00 
Matt Marquardt           0  0  0   0  0   1  0  0  0  1  8/15   20:45   3:39   2:27 
Mike Angelidis           0  0  0   0  7   2  1  0  4  1  0/0    15:17   3:03   0:00 
Paul Thompson            0  0  0   1  0   1  3  0  0  0  5/8    20:22   2:34   0:00 
Stephane Veilleux        0  1  1   1  0   1  2  0  4  0  1/4    16:00   2:02   1:22 
Tyler Eckford            0  0  0   0  0   0  0  0  0  0  0/0     0:00   0:00   0:00 
Zenon Konopka            2  0  2   1  37  5  1  0  1  0  5/7     7:41   1:22   0:00 

Players Stats for Senators

Player Name              G  A  P  +/- PIM S  H  SB GA TA FO     MP     PP MP  PK MP  
------------------------------------------------------------------------------------
Alex Petrovic            0  0  0   0  4   1  1  2  1  2  0/0    13:52   0:00   2:12 
Andrew MacWilliam        0  0  0   0  0   0  0  0  0  0  0/0     9:05   0:00   0:35 
Colton Orr               0  0  0  -1  5   0  3  0  4  3  2/2    16:37   0:52   1:12 
Daine Todd               0  0  0  -1  0   2  2  0  1  0  4/10   17:29   1:48   0:00 
David Broll              0  0  0   0  0   3  3  0  1  1  0/0    15:08   0:00   1:34 
Emerson Etem             1  0  1   0  0   3  2  2  4  1  5/10   23:41   2:42   4:18 
Greg Nemisz              0  1  1   0  0   6  0  1  1  2  3/7    19:24   1:28   0:00 
Greg Pateryn             0  0  0  -1  0   1  2  2  2  0  0/0    19:26   1:52   3:44 
Jesse Blacker            0  0  0   0  0   0  0  0  1  1  0/0    13:46   0:00   0:00 
Joe Finley               0  0  0   0  0   0  0  0  0  1  0/0     8:10   0:00   0:00 
John Scott               0  0  0   0  9   2  3  0  1  3  0/0    20:29   2:38   2:20 
Josh Leivo               0  0  0  -1  0   1  0  0  0  0  0/0    17:53   1:48   0:00 
Kenny Ryan               0  0  0   0  0   1  1  0  0  1  1/1    11:18   0:00   2:37 
Korbinian Holzer         0  0  0  -1  5   0  0  0  0  0  0/0    17:27   1:52   2:20 
Martin St. Pierre        0  1  1   0  0   2  1  1  1  0  7/17   19:06   2:42   1:33 
Mike Brown               0  0  0   0  25  2  3  0  2  0  0/1    13:05   2:10   3:40 
Steve Eminger            0  0  0   0  0   0  1  1  0  0  0/0    21:12   2:38   3:43 
Tyler Biggs              0  0  0   0  0   2  1  0  0  1  0/1    15:15   0:00   0:00 

3 Stars

1 - Jeff Deslauriers (GRG)
2 - Emerson Etem (BIN)
3 - Stephane Veilleux (GRG)

Power Play

Griffins - 1 on 4 Attempt(s) - 25.00%
Senators - 1 on 3 Attempt(s) - 33.33%

Penalty Kill

Griffins - 2 on 3 Attempt(s) - 66.67% - Score 0 goal in Penalty Kill
Senators - 3 on 4 Attempt(s) - 75.00% - Score 0 goal in Penalty Kill

Official

Referees : Unknown
Linesman : Unknown

Game Notes

Zenon Konopka beats up John Scott at 2:17 of 1st period
Mike Brown and Zenon Konopka fight to a draw at 0:06 of 2nd period
Mike Brown beats up Zenon Konopka at 0:11 of 3rd period
Zenon Konopka ejected from game at 0:11 of 3rd period
Ben Eager beats up Korbinian Holzer at 1:45 of 3rd period
Colton Orr beats up Kellan Lain at 5:16 of 3rd period
Mike Brown and Mike Angelidis fight to a draw at 12:48 of 3rd period
Mike Brown ejected from game at 12:48 of 3rd period
Mike Brown from Senators is suspended for 1 game(s)

Finance

Level 1 -- Attendance: 1568 (78.40%) -- Ticket Income $54,880
Level 2 -- Attendance: 791 (79.10%) -- Ticket Income $11,865
Total Attendance: 2359 (78.63%)
Total Ticket Income: $66,745
Other Income: $32,705
Total Income: $99,450

Griffins

5 vs 5 Forward 
   Center                   Left Wing                Right Wing               Time % Phy DF OF 
 1 Zenon Konopka            John Albert              Ben Eager                35     1   2  2  
 2 Matt Marquardt           Mike Angelidis           Mark Mancari             30     1   2  2  
 3 Kellan Lain              Jordan Owens             Zenon Konopka            22     1   2  2  
 4 Stephane Veilleux        Zenon Konopka            Paul Thompson            13     1   2  2  

5 vs 5 Defense 
   Defense                  Defense                                           Time % Phy DF OF 
 1 Douglas Murray           Adam Clendening                                   35     1   2  2  
 2 Brad Hunt                Derek Meech                                       30     1   2  2  
 3 David Musil              Daniel New                                        22     1   2  2  
 4 Douglas Murray           Adam Clendening                                   13     1   2  2  

PowerPlay Forward 
   Center                   Left Wing                Right Wing               Time % Phy DF OF 
 1 Zenon Konopka            John Albert              Ben Eager                60     1   2  2  
 2 Matt Marquardt           Mike Angelidis           Mark Mancari             40     1   2  2  

PowerPlay Defense
   Defense                  Defense                                           Time % Phy DF OF 
 1 Douglas Murray           Adam Clendening                                   60     1   2  2  
 2 Brad Hunt                Derek Meech                                       40     1   2  2  

Penalty Kill 4 Players Forward 
   Center                   Wing                     Time % Phy DF OF 
 1 Zenon Konopka            John Albert              60     1   2  2  
 2 Ben Eager                Mark Mancari             40     1   2  2  

Penalty Kill 4 Players Defense
   Defense                  Defense                  Time % Phy DF OF 
 1 Douglas Murray           Adam Clendening          60     1   2  2  
 2 Brad Hunt                Derek Meech              40     1   2  2  

Penalty Kill - 3 Players Forward 
   Forward                                           Time % Phy DF OF 
 1 Zenon Konopka                                     60     1   2  2  
 2 John Albert                                       40     1   2  2  

Penalty Kill - 3 Players Defense
   Defense                  Defense                  Time % Phy DF OF 
 1 Daniel New               Adam Clendening          60     1   2  2  
 2 Brad Hunt                Derek Meech              40     1   2  2  

4 vs 4 Forward 
   Center                   Wing                     Time % Phy DF OF 
 1 Zenon Konopka            John Albert              60     1   2  2  
 2 Ben Eager                Mark Mancari             40     1   2  2  

4 vs 4 Defense
   Defense                  Defense                  Time % Phy DF OF 
 1 David Musil              Adam Clendening          60     1   2  2  
 2 Brad Hunt                Derek Meech              40     1   2  2  

Last Minutes Offensive
   Center                   Left Wing                Right Wing               Defense                  Defense                  
   Zenon Konopka            John Albert              Ben Eager                Douglas Murray           Adam Clendening          

Last Minutes Defensive
   Center                   Left Wing                Right Wing               Defense                  Defense                  
   Zenon Konopka            John Albert              Ben Eager                Douglas Murray           Adam Clendening          

Goaltenders
Starting : Jeff Deslauriers         
Backup : Joe Cannata              

Extra Forwards
Normal : Zenon Konopka, Paul Thompson, Kellan Lain - PP : Zenon Konopka, Paul Thompson - PK : Kellan Lain
Extra Defensemen
Normal : David Musil, Daniel New, Adam Clendening - PP : David Musil - PK : Daniel New, Adam Clendening
Penalty Shots
Zenon Konopka, John Albert, Ben Eager, Mark Mancari, Paul Thompson

Senators

5 vs 5 Forward 
   Center                   Left Wing                Right Wing               Time % Phy DF OF 
 1 Martin St. Pierre        Emerson Etem             Mike Brown               35     1   2  2  
 2 Daine Todd               Josh Leivo               Colton Orr               30     1   2  2  
 3 Greg Nemisz              David Broll              Tyler Biggs              22     1   2  2  
 4 Emerson Etem             John Scott               Kenny Ryan               13     1   2  2  

5 vs 5 Defense 
   Defense                  Defense                                           Time % Phy DF OF 
 1 John Scott               Steve Eminger                                     35     1   2  2  
 2 Greg Pateryn             Korbinian Holzer                                  30     1   2  2  
 3 Jesse Blacker            Alex Petrovic                                     22     1   2  2  
 4 Andrew MacWilliam        Joe Finley                                        13     1   2  2  

PowerPlay Forward 
   Center                   Left Wing                Right Wing               Time % Phy DF OF 
 1 Martin St. Pierre        Emerson Etem             Mike Brown               60     1   2  2  
 2 Daine Todd               Josh Leivo               Colton Orr               40     1   2  2  

PowerPlay Defense
   Defense                  Defense                                           Time % Phy DF OF 
 1 John Scott               Steve Eminger                                     60     1   2  2  
 2 Greg Pateryn             Korbinian Holzer                                  40     1   2  2  

Penalty Kill 4 Players Forward 
   Center                   Wing                     Time % Phy DF OF 
 1 Emerson Etem             Mike Brown               60     1   2  2  
 2 Colton Orr               Martin St. Pierre        40     1   2  2  

Penalty Kill 4 Players Defense
   Defense                  Defense                  Time % Phy DF OF 
 1 John Scott               Steve Eminger            60     1   2  2  
 2 Greg Pateryn             Korbinian Holzer         40     1   2  2  

Penalty Kill - 3 Players Forward 
   Forward                                           Time % Phy DF OF 
 1 Emerson Etem                                      60     1   2  2  
 2 Mike Brown                                        40     1   2  2  

Penalty Kill - 3 Players Defense
   Defense                  Defense                  Time % Phy DF OF 
 1 John Scott               Steve Eminger            60     1   2  2  
 2 Greg Pateryn             Korbinian Holzer         40     1   2  2  

4 vs 4 Forward 
   Center                   Wing                     Time % Phy DF OF 
 1 Emerson Etem             Mike Brown               60     1   2  2  
 2 Colton Orr               Martin St. Pierre        40     1   2  2  

4 vs 4 Defense
   Defense                  Defense                  Time % Phy DF OF 
 1 John Scott               Steve Eminger            60     1   2  2  
 2 Greg Pateryn             Korbinian Holzer         40     1   2  2  

Last Minutes Offensive
   Center                   Left Wing                Right Wing               Defense                  Defense                  
   Martin St. Pierre        Emerson Etem             Mike Brown               John Scott               Steve Eminger            

Last Minutes Defensive
   Center                   Left Wing                Right Wing               Defense                  Defense                  
   Martin St. Pierre        Emerson Etem             Mike Brown               John Scott               Steve Eminger            

Goaltenders
Starting : Jean-Francois Berube     
Backup : Cedrick Desjardins       

Extra Forwards
Normal : Greg Nemisz, Tyler Biggs, Kenny Ryan - PP : Greg Nemisz, Tyler Biggs - PK : Kenny Ryan
Extra Defensemen
Normal : Jesse Blacker, Alex Petrovic, Andrew MacWilliam - PP : Jesse Blacker - PK : Alex Petrovic, Andrew MacWilliam
Penalty Shots
Emerson Etem, John Scott, Mike Brown, Colton Orr, Martin St. Pierre

% Time on Ice - Griffins

Lines # - Real PCT - Wanted PCT - Time Play
Normal Forward
1 - 24% - 35% - 11:20
2 - 27% - 30% - 13:00
3 - 31% - 22% - 14:35
4 - 18% - 13% - 8:46
Normal Defense
1 - 35% - 35% - 16:34
2 - 32% - 30% - 15:17
3 - 29% - 22% - 13:37
4 - 5% - 13% - 2:13
PP Forward
1 - 59% - 60% - 4:24
2 - 41% - 40% - 3:03
PP Defense
1 - 65% - 60% - 4:52
2 - 35% - 40% - 2:35
PK Forward
1 - 100% - 60% - 4:30
2 - 0% - 40% - 0:00
PK Defense
1 - 81% - 60% - 3:39
2 - 19% - 40% - 0:51
PK3 Forward
1 - 0% - 60%
2 - 0% - 40%
PK3 Defense
1 - 0% - 60%
2 - 0% - 40%
44 Forward
1 - 0% - 60%
2 - 0% - 40%
44 Defense
1 - 0% - 60%
2 - 0% - 40%
Last Minute Offensive  - 0:00
Last Minute Defensive  - 0:22
Total
Forward - 60:00
Defense - 60:00

% Time on Ice - Senators

Lines # - Real PCT - Wanted PCT - Time Play
Normal Forward
1 - 30% - 35% - 13:58
2 - 33% - 30% - 15:41
3 - 24% - 22% - 11:10
4 - 14% - 13% - 6:28
Normal Defense
1 - 30% - 35% - 14:19
2 - 29% - 30% - 13:50
3 - 23% - 22% - 10:58
4 - 17% - 13% - 8:10
PP Forward
1 - 60% - 60% - 2:42
2 - 40% - 40% - 1:48
PP Defense
1 - 59% - 60% - 2:38
2 - 41% - 40% - 1:52
PK Forward
1 - 84% - 60% - 6:15
2 - 16% - 40% - 1:12
PK Defense
1 - 50% - 60% - 3:43
2 - 50% - 40% - 3:44
PK3 Forward
1 - 0% - 60%
2 - 0% - 40%
PK3 Defense
1 - 0% - 60%
2 - 0% - 40%
44 Forward
1 - 0% - 60%
2 - 0% - 40%
44 Defense
1 - 0% - 60%
2 - 0% - 40%
Last Minute Offensive  - 0:46
Last Minute Defensive  - 0:00
Total
Forward - 60:00
Defense - 60:00

Play by Play

1st period


0:01 of 1st period - Zenon Konopka wins face-off versus Martin St. Pierre in neutral zone.
0:26 of 1st period - Snap shot by Mike Brown.
0:26 of 1st period - Stopped by Jeff Deslauriers with a rebound.
0:36 of 1st period - Slapshot by Zenon Konopka.
0:36 of 1st period - Stopped by Jean-Francois Berube with a rebound.
0:54 of 1st period - Slapshot by Mike Angelidis.
0:54 of 1st period - Shot Misses the Net.
1:54 of 1st period - Zenon Konopka is hit by Tyler Biggs.
1:55 of 1st period - Icing by Zenon Konopka.
1:56 of 1st period - Greg Nemisz wins face-off versus Kellan Lain in Griffins zone.
2:08 of 1st period - Snap shot by Tyler Biggs.
2:08 of 1st period - Deflect By David Broll.
2:08 of 1st period - Stopped by Jeff Deslauriers with a rebound.
2:14 of 1st period - Snap shot by Greg Nemisz.
2:14 of 1st period - Stopped by Jeff Deslauriers without a rebound.
2:15 of 1st period - Emerson Etem wins face-off versus Zenon Konopka in Griffins zone.
2:17 of 1st period - Zenon Konopka beats up John Scott.
2:17 of 1st period - Penalty to John Scott for Fighting.
2:17 of 1st period - Penalty to Zenon Konopka for Fighting.
2:18 of 1st period - Kenny Ryan wins face-off versus Stephane Veilleux in Griffins zone.
2:25 of 1st period - Kenny Ryan is hit by Douglas Murray and loses puck.
2:54 of 1st period - Joe Finley is hit by Kellan Lain and loses puck.
3:17 of 1st period - Daine Todd is hit by Douglas Murray and loses puck.
4:32 of 1st period - Icing by Mike Angelidis.
4:33 of 1st period - Matt Marquardt wins face-off versus Martin St. Pierre in Griffins zone.
4:46 of 1st period - Slapshot by Mike Angelidis.
4:46 of 1st period - Stopped by Jean-Francois Berube with a rebound.
5:18 of 1st period - Slapshot by Ben Eager.
5:18 of 1st period - Stopped by Jean-Francois Berube with a rebound.
5:20 of 1st period - Snap shot by Matt Marquardt.
5:20 of 1st period - Stopped by Jean-Francois Berube without a rebound.
5:21 of 1st period - Matt Marquardt wins face-off versus Daine Todd in Senators zone.
6:19 of 1st period - Snap shot by David Broll.
6:19 of 1st period - Stopped by Jeff Deslauriers with a rebound.
6:21 of 1st period - Wrist shot by Greg Nemisz.
6:21 of 1st period - Stopped by Jeff Deslauriers without a rebound.
6:22 of 1st period - Matt Marquardt wins face-off versus Greg Nemisz in Griffins zone.
7:13 of 1st period - Colton Orr is hit by Ben Eager and loses puck.
7:54 of 1st period - Matt Marquardt is hit by Mike Brown.
9:09 of 1st period - Slapshot by Greg Pateryn.
9:09 of 1st period - Shot Misses the Net.
9:21 of 1st period - John Scott is hit by Mike Angelidis and loses puck.
9:42 of 1st period - Wrist shot by Stephane Veilleux.
9:42 of 1st period - Deflect By Zenon Konopka.
9:42 of 1st period - Stopped by Jean-Francois Berube with a rebound.
9:58 of 1st period - Jesse Blacker is hit by David Musil and loses puck.
10:16 of 1st period - Off-side.
10:17 of 1st period - Kellan Lain wins face-off versus Daine Todd in neutral zone.
10:26 of 1st period - Wrist shot by Josh Leivo.
10:26 of 1st period - Deflect By Colton Orr.
10:26 of 1st period - Shot Misses the Net.
10:26 of 1st period - Puck is out of play.
10:27 of 1st period - Kellan Lain wins face-off versus Daine Todd in Griffins zone.
10:27 of 1st period - Kellan Lain is hit by Daine Todd.
11:05 of 1st period - Zenon Konopka is hit by Kenny Ryan and loses puck.
11:12 of 1st period - Emerson Etem is hit by Paul Thompson and loses puck.
12:28 of 1st period - Snap shot by Stephane Veilleux.
12:28 of 1st period - Shot Misses the Net.
13:13 of 1st period - Minor Penalty to Alex Petrovic for Elbowing.
13:14 of 1st period - Zenon Konopka wins face-off versus Emerson Etem in Senators zone.
13:58 of 1st period - Mike Brown is hit by Adam Clendening.
14:19 of 1st period - Greg Pateryn is hit by Stephane Veilleux and loses puck.
15:02 of 1st period - Zenon Konopka is hit by David Broll and loses puck.
15:13 of 1st period - Penalty to Alex Petrovic is over, Alex Petrovic is back on ice.
15:15 of 1st period - Wrist shot by Zenon Konopka.
15:15 of 1st period - Stopped by Jean-Francois Berube with a rebound.
16:26 of 1st period - Mark Mancari is hit by David Broll and loses puck.
16:39 of 1st period - Stephane Veilleux is hit by Colton Orr and loses puck.
17:30 of 1st period - Douglas Murray is hit by Mike Brown and loses puck.
19:02 of 1st period - Tyler Biggs is hit by Paul Thompson and loses puck.
Goals for this period are 0 for Griffins vs 0 for Senators.
Shots for this period are 6 for Griffins vs 5 for Senators.

2nd period


0:01 of 2nd period - Zenon Konopka wins face-off versus Mike Brown in neutral zone.
0:06 of 2nd period - Snap shot by John Albert.
0:06 of 2nd period - Stopped by Jean-Francois Berube without a rebound.
0:06 of 2nd period - Mike Brown and Zenon Konopka fight to a draw.
0:06 of 2nd period - Penalty to Mike Brown for Fighting.
0:06 of 2nd period - Penalty to Zenon Konopka for Fighting.
0:06 of 2nd period - Penalty to Zenon Konopka for instigated a fight.
0:06 of 2nd period - Penalty to Zenon Konopka for instigated a fight.
0:07 of 2nd period - Martin St. Pierre wins face-off versus Kellan Lain in Senators zone.
0:14 of 2nd period - Slapshot by John Albert.
0:14 of 2nd period - Stopped by Jean-Francois Berube without a rebound.
0:15 of 2nd period - Kellan Lain wins face-off versus Martin St. Pierre in Senators zone.
0:38 of 2nd period - Snap shot by Emerson Etem.
0:38 of 2nd period - Goal by Emerson Etem - Griffins : 0 - Senators : 1.
0:39 of 2nd period - Martin St. Pierre wins face-off versus Paul Thompson in neutral zone.
0:51 of 2nd period - Slapshot by Douglas Murray.
0:51 of 2nd period - Stopped by Jean-Francois Berube with a rebound.
0:53 of 2nd period - Slapshot by Douglas Murray.
0:53 of 2nd period - Shot Misses the Net.
0:55 of 2nd period - Slapshot by Adam Clendening.
0:55 of 2nd period - Shot Blocked by Greg Nemisz.
0:57 of 2nd period - Backhand shot by Douglas Murray.
0:57 of 2nd period - Stopped by Jean-Francois Berube with a rebound.
0:59 of 2nd period - Snap shot by Paul Thompson.
0:59 of 2nd period - Stopped by Jean-Francois Berube without a rebound.
1:00 of 2nd period - Daine Todd wins face-off versus Matt Marquardt in Senators zone.
1:21 of 2nd period - Snap shot by Daine Todd.
1:21 of 2nd period - Shot Misses the Net.
1:25 of 2nd period - Slapshot by Alex Petrovic.
1:25 of 2nd period - Deflect By Josh Leivo.
1:25 of 2nd period - Stopped by Jeff Deslauriers with a rebound.
2:07 of 2nd period - Slapshot by Adam Clendening.
2:07 of 2nd period - Shot Blocked by Emerson Etem.
2:09 of 2nd period - Slapshot by Adam Clendening.
2:09 of 2nd period - Stopped by Jean-Francois Berube with a rebound.
2:11 of 2nd period - Snap shot by Douglas Murray.
2:11 of 2nd period - Stopped by Jean-Francois Berube with a rebound.
3:00 of 2nd period - Kellan Lain is hit by Emerson Etem and loses puck.
3:28 of 2nd period - Icing by Steve Eminger.
3:29 of 2nd period - Colton Orr wins face-off versus Stephane Veilleux in Senators zone.
3:47 of 2nd period - Off-side.
3:48 of 2nd period - Matt Marquardt wins face-off versus Emerson Etem in neutral zone.
4:02 of 2nd period - Snap shot by Adam Clendening.
4:02 of 2nd period - Shot Blocked by Greg Pateryn.
5:09 of 2nd period - Off-side.
5:10 of 2nd period - Greg Nemisz wins face-off versus Matt Marquardt in neutral zone.
5:32 of 2nd period - Off-side.
5:33 of 2nd period - Colton Orr wins face-off versus Kellan Lain in neutral zone.
5:35 of 2nd period - Minor Penalty to Alex Petrovic for High sticking.
5:36 of 2nd period - Matt Marquardt wins face-off versus Emerson Etem in Senators zone.
5:48 of 2nd period - John Scott is hit by Douglas Murray and loses puck.
5:55 of 2nd period - Slapshot by Mark Mancari.
5:55 of 2nd period - Stopped by Jean-Francois Berube without a rebound.
5:56 of 2nd period - Emerson Etem wins face-off versus Matt Marquardt in Senators zone.
6:55 of 2nd period - Greg Pateryn is hit by Douglas Murray and loses puck.
7:32 of 2nd period - Steve Eminger is hit by Adam Clendening and loses puck.
7:35 of 2nd period - Penalty to Alex Petrovic is over, Alex Petrovic is back on ice.
8:09 of 2nd period - Wrist shot by David Broll.
8:09 of 2nd period - Shot Misses the Net.
8:11 of 2nd period - Snap shot by David Broll.
8:11 of 2nd period - Stopped by Jeff Deslauriers with a rebound.
8:58 of 2nd period - Icing by Paul Thompson.
8:59 of 2nd period - John Albert wins face-off versus Daine Todd in Griffins zone.
9:48 of 2nd period - Minor Penalty to John Albert for Tripping.
9:49 of 2nd period - Martin St. Pierre wins face-off versus Kellan Lain in Griffins zone.
10:02 of 2nd period - Slapshot by Emerson Etem.
10:02 of 2nd period - Shot Misses the Net.
10:04 of 2nd period - Slapshot by Steve Eminger.
10:04 of 2nd period - Deflect By Emerson Etem.
10:04 of 2nd period - Shot Misses the Net.
10:04 of 2nd period - Puck is out of play.
10:05 of 2nd period - Kellan Lain wins face-off versus Martin St. Pierre in Griffins zone.
10:38 of 2nd period - Matt Marquardt is hit by John Scott and loses puck.
10:51 of 2nd period - Douglas Murray is hit by Colton Orr and loses puck.
11:08 of 2nd period - Douglas Murray is hit by Martin St. Pierre and loses puck.
11:48 of 2nd period - Penalty to John Albert is over, John Albert is back on ice.
12:35 of 2nd period - Off-side.
12:36 of 2nd period - Kellan Lain wins face-off versus Emerson Etem in neutral zone.
12:46 of 2nd period - Kellan Lain is hit by Emerson Etem and loses puck.
14:28 of 2nd period - Slapshot by Mike Brown.
14:28 of 2nd period - Stopped by Jeff Deslauriers without a rebound.
14:29 of 2nd period - Kellan Lain wins face-off versus Martin St. Pierre in Griffins zone.
14:42 of 2nd period - Snap shot by Mike Brown.
14:42 of 2nd period - Shot Misses the Net.
15:06 of 2nd period - 10 Minutes Misconduct Penalty to Zenon Konopka is over.
15:59 of 2nd period - Off-side.
16:00 of 2nd period - Stephane Veilleux wins face-off versus Daine Todd in neutral zone.
16:05 of 2nd period - Snap shot by Zenon Konopka.
16:05 of 2nd period - Goal by Zenon Konopka - Griffins : 1 - Senators : 1.
16:06 of 2nd period - Daine Todd wins face-off versus Matt Marquardt in neutral zone.
16:08 of 2nd period - Minor Penalty to John Scott for Holding.
16:09 of 2nd period - Matt Marquardt wins face-off versus Emerson Etem in Senators zone.
16:17 of 2nd period - Snap shot by Douglas Murray.
16:17 of 2nd period - Shot Blocked by Steve Eminger.
16:57 of 2nd period - Snap shot by Emerson Etem.
16:57 of 2nd period - Deflect By Mike Brown.
16:57 of 2nd period - Shot Blocked by Douglas Murray.
16:57 of 2nd period - Puck is out of play.
16:58 of 2nd period - Emerson Etem wins face-off versus Zenon Konopka in Griffins zone.
17:29 of 2nd period - Greg Pateryn is hit by Zenon Konopka and loses puck.
17:36 of 2nd period - Wrist shot by Zenon Konopka.
17:36 of 2nd period - Shot Blocked by Greg Pateryn.
17:38 of 2nd period - Wrist shot by Zenon Konopka.
17:38 of 2nd period - Goal by Zenon Konopka - Griffins : 2 - Senators : 1.
17:39 of 2nd period - Zenon Konopka wins face-off versus Greg Nemisz in neutral zone.
17:47 of 2nd period - Zenon Konopka is hit by John Scott and loses puck.
17:54 of 2nd period - Slapshot by Steve Eminger.
17:54 of 2nd period - Shot Blocked by Douglas Murray.
18:00 of 2nd period - Wrist shot by Greg Nemisz.
18:00 of 2nd period - Shot Misses the Net.
18:02 of 2nd period - Slapshot by John Scott.
18:02 of 2nd period - Stopped by Jeff Deslauriers with a rebound.
18:04 of 2nd period - Snap shot by Tyler Biggs.
18:04 of 2nd period - Stopped by Jeff Deslauriers with a rebound.
18:46 of 2nd period - Derek Meech is hit by Steve Eminger.
18:50 of 2nd period - Snap shot by Mark Mancari.
18:50 of 2nd period - Shot Misses the Net.
19:33 of 2nd period - Emerson Etem is hit by Ben Eager and loses puck.
19:39 of 2nd period - Off-side.
19:40 of 2nd period - Greg Nemisz wins face-off versus Paul Thompson in neutral zone.
19:43 of 2nd period - Slapshot by Alex Petrovic.
19:43 of 2nd period - Deflect By Greg Nemisz.
19:43 of 2nd period - Shot Misses the Net.
19:43 of 2nd period - Puck is out of play.
19:44 of 2nd period - Paul Thompson wins face-off versus Greg Nemisz in Griffins zone.
19:53 of 2nd period - Alex Petrovic is hit by David Musil and loses puck.
Goals for this period are 2 for Griffins vs 1 for Senators.
Shots for this period are 10 for Griffins vs 6 for Senators.

3rd period


0:01 of 3rd period - Zenon Konopka wins face-off versus Martin St. Pierre in neutral zone.
0:01 of 3rd period - Zenon Konopka is hit by Mike Brown.
0:11 of 3rd period - Snap shot by Emerson Etem.
0:11 of 3rd period - Stopped by Jeff Deslauriers without a rebound.
0:11 of 3rd period - Mike Brown beats up Zenon Konopka.
0:11 of 3rd period - Penalty to Mike Brown for Fighting.
0:11 of 3rd period - Penalty to Zenon Konopka for Fighting.
0:11 of 3rd period - Zenon Konopka is ejected from game.
0:12 of 3rd period - Paul Thompson wins face-off versus Martin St. Pierre in Griffins zone.
0:19 of 3rd period - Wrist shot by John Albert.
0:19 of 3rd period - Stopped by Jean-Francois Berube without a rebound.
0:20 of 3rd period - Paul Thompson wins face-off versus Martin St. Pierre in Senators zone.
0:54 of 3rd period - Backhand shot by Emerson Etem.
0:54 of 3rd period - Stopped by Jeff Deslauriers with a rebound.
0:56 of 3rd period - Slapshot by Martin St. Pierre.
0:56 of 3rd period - Stopped by Jeff Deslauriers with a rebound.
1:45 of 3rd period - Ben Eager beats up Korbinian Holzer.
1:45 of 3rd period - Penalty to Korbinian Holzer for Fighting.
1:45 of 3rd period - Penalty to Ben Eager for Fighting.
1:46 of 3rd period - Martin St. Pierre wins face-off versus Matt Marquardt in Griffins zone.
1:49 of 3rd period - Snap shot by Emerson Etem.
1:49 of 3rd period - Shot Misses the Net.
2:08 of 3rd period - Slapshot by Brad Hunt.
2:08 of 3rd period - Deflect By Steve Eminger.
2:08 of 3rd period - Stopped by Jean-Francois Berube with a rebound.
2:16 of 3rd period - Wrist shot by Mike Angelidis.
2:16 of 3rd period - Stopped by Jean-Francois Berube with a rebound.
2:23 of 3rd period - Minor Penalty to John Scott for Tripping.
2:24 of 3rd period - Emerson Etem wins face-off versus John Albert in Senators zone.
2:24 of 3rd period - Emerson Etem is hit by Stephane Veilleux.
2:37 of 3rd period - Snap shot by Stephane Veilleux.
2:37 of 3rd period - Shot Blocked by Alex Petrovic.
2:53 of 3rd period - Slapshot by Douglas Murray.
2:53 of 3rd period - Shot Misses the Net.
3:07 of 3rd period - Mike Angelidis is hit by Greg Pateryn and loses puck.
3:26 of 3rd period - Stephane Veilleux is hit by Greg Pateryn and loses puck.
3:33 of 3rd period - John Albert is hit by David Broll and loses puck.
3:47 of 3rd period - Off-side.
3:48 of 3rd period - Martin St. Pierre wins face-off versus Paul Thompson in neutral zone.
4:03 of 3rd period - Slapshot by David Broll.
4:03 of 3rd period - Shot Misses the Net.
4:23 of 3rd period - Penalty to John Scott is over, John Scott is back on ice.
4:25 of 3rd period - Wrist shot by John Scott.
4:25 of 3rd period - Stopped by Jeff Deslauriers with a rebound.
4:33 of 3rd period - Slapshot by Adam Clendening.
4:33 of 3rd period - Shot Blocked by Martin St. Pierre.
4:54 of 3rd period - Jesse Blacker is hit by Jordan Owens.
5:07 of 3rd period - Slapshot by Jesse Blacker.
5:07 of 3rd period - Shot Blocked by Mark Mancari.
5:16 of 3rd period - Colton Orr beats up Kellan Lain.
5:16 of 3rd period - Penalty to Colton Orr for Fighting.
5:16 of 3rd period - Penalty to Kellan Lain for Fighting.
5:17 of 3rd period - Daine Todd wins face-off versus Stephane Veilleux in Griffins zone.
5:22 of 3rd period - Snap shot by Greg Nemisz.
5:22 of 3rd period - Stopped by Jeff Deslauriers with a rebound.
5:24 of 3rd period - Snap shot by Jesse Blacker.
5:24 of 3rd period - Shot Blocked by Jordan Owens.
5:32 of 3rd period - Snap shot by Daine Todd.
5:32 of 3rd period - Stopped by Jeff Deslauriers without a rebound.
5:33 of 3rd period - Daine Todd wins face-off versus John Albert in Griffins zone.
5:44 of 3rd period - Snap shot by Josh Leivo.
5:44 of 3rd period - Shot Misses the Net.
5:46 of 3rd period - Snap shot by Jesse Blacker.
5:46 of 3rd period - Shot Misses the Net.
5:48 of 3rd period - Snap shot by Alex Petrovic.
5:48 of 3rd period - Stopped by Jeff Deslauriers with a rebound.
5:50 of 3rd period - Slapshot by Daine Todd.
5:50 of 3rd period - Stopped by Jeff Deslauriers without a rebound.
5:51 of 3rd period - Martin St. Pierre wins face-off versus Matt Marquardt in Griffins zone.
6:06 of 3rd period - Minor Penalty to Mike Angelidis for High sticking.
6:07 of 3rd period - Martin St. Pierre wins face-off versus Matt Marquardt in Griffins zone.
6:41 of 3rd period - Snap shot by Mike Brown.
6:41 of 3rd period - Shot Blocked by Adam Clendening.
6:45 of 3rd period - Penalty to Ben Eager is over, Ben Eager is back on ice.
6:57 of 3rd period - Wrist shot by Greg Nemisz.
6:57 of 3rd period - Stopped by Jeff Deslauriers with a rebound.
7:16 of 3rd period - Douglas Murray is hit by Daine Todd and loses puck.
7:49 of 3rd period - Backhand shot by Ben Eager.
7:49 of 3rd period - Shot Misses the Net.
7:51 of 3rd period - Wrist shot by Stephane Veilleux.
7:51 of 3rd period - Stopped by Jean-Francois Berube without a rebound.
7:52 of 3rd period - Ben Eager wins face-off versus Daine Todd in Senators zone.
8:06 of 3rd period - Penalty to Mike Angelidis is over, Mike Angelidis is back on ice.
8:40 of 3rd period - Icing by David Broll.
8:41 of 3rd period - Paul Thompson wins face-off versus Greg Nemisz in Senators zone.
8:48 of 3rd period - Daniel New is hit by John Scott and loses puck.
10:06 of 3rd period - Greg Pateryn is hit by Adam Clendening and loses puck.
10:17 of 3rd period - Snap shot by John Scott.
10:17 of 3rd period - Shot Misses the Net.
11:58 of 3rd period - John Scott is hit by Daniel New.
12:22 of 3rd period - Wrist shot by David Broll.
12:22 of 3rd period - Shot Blocked by David Musil.
12:24 of 3rd period - Snap shot by Tyler Biggs.
12:24 of 3rd period - Stopped by Jeff Deslauriers with a rebound.
12:38 of 3rd period - David Musil is hit by Alex Petrovic and loses puck.
12:48 of 3rd period - Mike Brown and Mike Angelidis fight to a draw.
12:48 of 3rd period - Penalty to Mike Brown for Fighting.
12:48 of 3rd period - Mike Brown is ejected from game.
12:48 of 3rd period - Penalty to Mike Angelidis for Fighting.
12:49 of 3rd period - Emerson Etem wins face-off versus John Albert in Griffins zone.
13:40 of 3rd period - Adam Clendening is hit by Colton Orr and loses puck.
14:06 of 3rd period - Snap shot by David Broll.
14:06 of 3rd period - Shot Blocked by Brad Hunt.
14:47 of 3rd period - David Broll is hit by Jordan Owens and loses puck.
15:14 of 3rd period - Slapshot by Douglas Murray.
15:14 of 3rd period - Shot Blocked by Alex Petrovic.
15:16 of 3rd period - Snap shot by Mark Mancari.
15:16 of 3rd period - Stopped by Jean-Francois Berube with a rebound.
16:02 of 3rd period - Andrew MacWilliam is hit by Jordan Owens and loses puck.
16:32 of 3rd period - Backhand shot by Kenny Ryan.
16:32 of 3rd period - Stopped by Jeff Deslauriers without a rebound.
16:33 of 3rd period - Matt Marquardt wins face-off versus Tyler Biggs in Griffins zone.
17:24 of 3rd period - John Scott is hit by Paul Thompson and loses puck.
17:29 of 3rd period - Snap shot by Mark Mancari.
17:29 of 3rd period - Stopped by Jean-Francois Berube with a rebound.
17:31 of 3rd period - Snap shot by Mark Mancari.
17:31 of 3rd period - Shot Misses the Net.
17:33 of 3rd period - Slapshot by David Musil.
17:33 of 3rd period - Stopped by Jean-Francois Berube without a rebound.
17:34 of 3rd period - Paul Thompson wins face-off versus Martin St. Pierre in Senators zone.
17:37 of 3rd period - Slapshot by John Albert.
17:37 of 3rd period - Shot Blocked by Emerson Etem.
17:49 of 3rd period - Slapshot by Greg Pateryn.
17:49 of 3rd period - Stopped by Jeff Deslauriers with a rebound.
17:51 of 3rd period - Slapshot by Korbinian Holzer.
17:51 of 3rd period - Shot Blocked by Daniel New.
17:53 of 3rd period - Wrist shot by Martin St. Pierre.
17:53 of 3rd period - Stopped by Jeff Deslauriers without a rebound.
17:54 of 3rd period - Matt Marquardt wins face-off versus Martin St. Pierre in Griffins zone.
18:37 of 3rd period - Greg Nemisz is hit by Adam Clendening and loses puck.
19:00 of 3rd period - Senators, Jean-Francois Berube is pulled from the net.
19:06 of 3rd period - Wrist shot by Colton Orr.
19:06 of 3rd period - Shot Misses the Net.
19:10 of 3rd period - Snap shot by Colton Orr.
19:10 of 3rd period - Shot Misses the Net.
19:20 of 3rd period - Alex Petrovic is hit by Douglas Murray.
19:24 of 3rd period - Snap shot by Emerson Etem.
19:24 of 3rd period - Shot Misses the Net.
19:26 of 3rd period - Slapshot by Jesse Blacker.
19:26 of 3rd period - Shot Blocked by Douglas Murray.
19:28 of 3rd period - Wrist shot by Greg Nemisz.
19:28 of 3rd period - Stopped by Jeff Deslauriers with a rebound.
19:30 of 3rd period - Wrist shot by Greg Nemisz.
19:30 of 3rd period - Stopped by Jeff Deslauriers with a rebound.
Goals for this period are 0 for Griffins vs 0 for Senators.
Shots for this period are 7 for Griffins vs 15 for Senators.


Output by the SimonT Hockey Simulator (STHS) for Eric Dolegowski -- Original Page W3C XHTML 1.0 Valid
Hockey Simulator - Hockey Simulation - Hockey Manager